 Dungeon Crawl Stone Soup version 0.29-a0-334-gb41bcbb86e (webtiles) character file.

Game seed: 6787949571670050964

201070 stormannn the Tortoise (level 18, -1/119 HPs)
             Began as a Gargoyle Fighter on Apr 13, 2022.
             Was the Champion of Qazlal.
             Slain by a seven-headed hydra (10 damage)
             ... called by a spriggan druid
             ... on level 2 of the Swamp.
             The game lasted 01:19:18 (33668 turns).

stormannn the Tortoise (Gargoyle Fighter)          Turns: 33668, Time: 01:19:21

Health: -1/119     AC: 35    Str: 44    XL:     18   Next: 53%
Magic:  25/25      EV: 10    Int: 10    God:    Qazlal [******]
Gold:   3193       SH: 20    Dex:  9    Spells: 17/17 levels left

rFire   . . .      SeeInvis .   p - +9 demon whip (chaos)
rCold   + . .      Faith    .   c - +0 buckler
rNeg    + . .      Spirit   .   A - +1 scale mail of Hairiness {Drain rPois rC+ Str+5}
rPois   ∞          Reflect  +   y - +2 hat {Stlth+}
rElec   +          Harm     .   z - +1 cloak
rCorr   .          Rampage  +   M - +0 pair of gloves
Will    +....                   d - +2 pair of boots {rampage}
Stlth   +.........              q - amulet of reflection
HPRegen 0.29/turn               E - +6 ring of strength
MPRegen 0.19/turn               G - +6 ring of strength

@: flying, studying Invocations, repel missiles
A: sickness immunity, AC +13, big wings, negative energy resistance 1,
electricity resistance, torment resistance 1, petrification resistance
}: 1/15 runes: serpentine
a: Renounce Religion, Upheaval, Elemental Force, Disaster Area


You were on level 2 of the Swamp.
You worshipped Qazlal.
Qazlal was exalted by your worship.
You visited 5 branches of the dungeon, and saw 29 of its levels.
You also visited: Bailey.

You collected 4033 gold pieces.
You spent 840 gold pieces at shops.

Inventory:

Hand Weapons
 h - a +0 demon trident of electrocution
 p - a +9 demon whip of chaos (weapon)
 u - the +7 mace of Variability {chain chaos}
   (You bought it in a shop on level 8 of the Dungeon)

   Each time it hits an enemy it has a different, random effect.
   It occasionally unleashes arcs of chaos on nearby creatures upon striking a
   foe.
 B - the +9 trident of Xamaly {flame, rElec rF- Str+4 Int+8}
   (You found it on level 13 of the Dungeon)

   It burns those it strikes, dealing additional fire damage.
   Str:       It affects your strength (+4).
   Int:       It affects your intelligence (+8).
   rF:        It makes you vulnerable to fire.
   rElec:     It insulates you from electricity.
 I - the +9 hand axe of Spores {vorpal, rPois MP+9 Int-3 Dex+4}
   (You found it on level 2 of the Swamp)

   It inflicts extra damage upon your enemies.
   Int:       It affects your intelligence (-3).
   Dex:       It affects your dexterity (+4).
   rPois:     It protects you from poison.
   MP:        It affects your magic capacity (+9).
Missiles
 w - 5 datura-tipped darts (quivered)
Armour
 c - a +0 buckler (worn)
 d - a +2 pair of boots of rampaging (worn)
 y - a +2 hat of stealth (worn)
 z - a +1 cloak (worn)
 A - the +1 scale mail of Hairiness (worn) {Drain rPois rC+ Str+5}
   (You found it on level 13 of the Dungeon)

   Str:       It affects your strength (+5).
   rC:        It protects you from cold.
   rPois:     It protects you from poison.
   Drain:     It drains your maximum health when unequipped.
 M - a +0 pair of gloves (worn)
 N - +1 swamp dragon scales
Jewellery
 o - a ring of see invisible
 q - an amulet of reflection (around neck)
 E - a +6 ring of strength (left hand)
 G - a +6 ring of strength (right hand)
Wands
 b - a wand of charming (9)
 n - a wand of iceblast (7)
 H - a wand of flame (78)
 L - a wand of digging (37)
Scrolls
 a - a scroll of acquirement
 f - 17 scrolls of teleportation
 g - 2 scrolls of fog
 v - 6 scrolls of amnesia
 x - a scroll of enchant weapon
 C - a scroll of silence
 D - 2 scrolls of magic mapping
 K - 2 scrolls of fear
Potions
 e - 4 potions of mutation
 i - 3 potions of invisibility
 j - 2 potions of haste
 k - 6 potions of ambrosia
 l - 18 potions of curing
 m - 4 potions of brilliance
 r - a potion of berserk rage
 s - 4 potions of attraction
 t - 5 potions of lignification
 F - 3 potions of cancellation
 J - 3 potions of magic
 O - a potion of might


   Skills:
 + Level 15.0 Fighting
 - Level 9.6(13.5) Axes
 - Level 16.2(17.4) Maces & Flails
 + Level 17.2 Armour
 + Level 14.9 Shields
 - Level 10.2 Invocations
 * Level 10.5 Evocations


You had 17 spell levels left.
You didn't know any spells.
Your spell library contained the following spells:

 Spells                   Type           Power      Damage    Failure   Level
 Magic Dart               Conj           0%         1d3       52%         1
 Shock                    Conj/Air       0%         1d3       52%         1
 Call Imp                 Summ           0%         N/A       67%         2
 Corpse Rot               Necr/Air       0%         N/A       67%         2
 Ensorcelled Hibernation  Hex/Ice        0%         N/A       67%         2
 Poisonous Vapours        Pois/Air       0%         N/A       67%         2
 Mephitic Cloud           Conj/Pois/Air  0%         N/A       88%         3
 Spider Form              Tmut/Pois      0%         N/A       88%         3
 Swiftness                Air            0%         N/A       88%         3
 Airstrike                Air            0%         N/A       99%         4
 Anguish                  Hex/Necr       0%         N/A       99%         4
 Leda's Liquefaction      Hex/Erth       0%         N/A       99%         4
 Lee's Rapid Deconstruct  Erth           0%         3d5*      100%        5
 Statue Form              Tmut/Erth      Unusable   N/A       N/A         6

Dungeon Overview and Level Annotations

Branches:
Dungeon (15/15)            Temple (0/1) D:6            Lair (6/6) D:8
  Swamp (2/4) Lair:3        Snake (4/4) Lair:3        Slime (0/5) Lair:5
    Orc (2/2) D:12            Elf (0/3) Orc:2        Vaults (0/5) D:14
 Depths (0/4) D:15         Bailey (visited)

Altars:
Ashenzari
Cheibriados
Elyvilon
Gozag
Hepliaklqana
Kikubaaqudgha
Nemelex Xobeh
Qazlal
Ru
Trog
Wu Jian
Yredelemnul
Zin
The Shining One
Beogh
Jiyva

Shops:
D:3 *   D:8 ([   D:15 =   Orc:2 =:(=

Annotations:
D:8 2 transporters
Lair:4 1 runed translucent door, Daelid's ghost, journeyman MfGl


Innate Abilities, Weirdness & Mutations

You are immune to sickness and miasma.
Your stone body is resilient. (AC +13)
You are immune to poison.
Your large and strong wings let you fly.
You resist negative energy. (rN+)
You are resistant to electric shocks. (rElec)
You are resistant to unholy torment.
You are immune to petrification.


Message History

Unknown command.
Aiming: Iceblast
Press: ? - help, Shift-Dir - straight line, f - seven-headed hydra
Aim: a seven-headed hydra (sparse dust)
The mass of ice explodes!
The iceblast engulfs the seven-headed hydra!!
The seven-headed hydra is heavily wounded.
You hear a roar!
You barely miss the seven-headed hydra.
The seven-headed hydra is heavily wounded.
You block the seven-headed hydra's attack.
The seven-headed hydra bites you.
* * * LOW HITPOINT WARNING * * *
The seven-headed hydra bites you but does no damage. x2
You block the seven-headed hydra's attack.
The seven-headed hydra bites you.
* * * LOW HITPOINT WARNING * * *
The seven-headed hydra bites you but does no damage.
Unknown command.
You whack the seven-headed hydra!
The seven-headed hydra is severely wounded.
Unknown command.
You thrash the seven-headed hydra!!
The seven-headed hydra is almost dead.
You block the seven-headed hydra's attack.
The seven-headed hydra bites you!
* * * LOW HITPOINT WARNING * * *
The seven-headed hydra bites you but does no damage.
You block the seven-headed hydra's attack.
The seven-headed hydra completely misses you.
The seven-headed hydra bites you but does no damage. x2
Unknown command.
Okay, then.
As you read the scroll of fear, it crumbles to dust.
You assume a fearsome visage.
The seven-headed hydra resists with some effort.
The seven-headed hydra bites you.
* * * LOW HITPOINT WARNING * * *
The seven-headed hydra bites you!
You die...

♣♣..>≈≈≈≈.♣....≈....♣≈≈..)).♣♣
♣♣..≈≈≈§≈♣♣♣...≈..♣♣.≈≈§)..♣♣♣♣♣
♣♣.≈≈..§≈♣♣..(..≈.♣♣≈.≈≈.)♣♣<..≈
♣..≈≈...≈♣♣♣♣....♣♣..≈≈<.♣≈÷≈)..
♣.≈≈.≈..>.♣♣♣.♣!.♣♣♣.≈.≈♣≈.≈≈.♣♣
♣..≈.≈≈≈....♣♣♣♣.♣♣ ♣≈≈.....≈....
♣...♣.≈≈.....♣♣♣♣♣♣.♣♣....≈≈≈≈≈≈≈
♣♣..≈.....♣≈..≈≈○≈§.≈♣♣♣♣♣≈≈≈≈≈≈≈
≈.....≈♣..♣♣♣.)D@°°≈≈≈♣ ♣...≈≈≈≈
.......♣♣≈♣ ♣♣♣○.≈≈≈≈≈.§ ♣♣♣..≈..
≈..... ♣♣♣ ♣☼§.≈≈≈≈≈≈ ♣♣≈♣♣. ....
.≈♣§..§≈.≈ ♣♣♣ ♣ ≈≈§♣≈$...≈♣
.≈≈≈≈≈≈≈.... ♣♣.§≈≈≈≈≈≈.≈≈
♣≈.≈≈≈≈≈≈...


You could see a seven-headed hydra.

Vanquished Creatures
  Vashnia (Snake:2)
  Jorgrun (D:12)
  Mlioglotl (Snake:3)
  Asterion (Snake:2)
  Frances (D:12)
  Gastronok (D:10)
  Kirke (Snake:4)
  6 nagarajas
  The ghost of Gitueniwk the Thaumaturge, a journeyman DjCj of Ashenzari (D:14)
  An eleionoma (Swamp:2)
  A bunyip (Swamp:2)
  Snorg (Lair:3)
  2 ettins
  Josephine (D:11)
  15 naga warriors
  A shambling mangrove (Swamp:2)
  3 boulder beetles
  Fannar (D:11)
  A rakshasa (D:15)
  2 ghost crabs (Swamp:2)
  6 salamander tyrants
  2 ogre magi (D:14)
  8 hydras
  3 centaur warriors
  11 anacondas
  A catoblepas (Lair:2)
  12 two-headed ogres
  An orc high priest (Orc:2)
  3 alligators (Swamp:2)
  11 death yaks
  Urug (D:13)
  6 shock serpents
  15 naga sharpshooters
  Sonja (D:11)
  Amaemon (D:9)
  2 goliath frogs (Swamp:1)
  Lodul (D:12)
  3 deep trolls
  A death drake (Swamp:1)
  6 salamander mystics
  A glowing orange brain (shapeshifter) (D:15)
  4 spriggan druids
  3 bog bodies (Swamp:2)
  5 swamp dragons
  8 naga ritualists
  A lindwurm (Lair:5)
  10 mana vipers
  8 orc knights
  A wizard (D:14)
  5 manticores
  13 salamanders
  10 ugly things
  2 will-o-the-wisps
  3 orc sorcerers
  6 elephants
  5 cyclopes
  2 guardian serpents
  Joseph (D:8)
  A torpor snail (Lair:4)
  A gargoyle (D:12)
  16 naga magi
  30 black mambas
  An orange demon (D:9)
  2 unseen horrors
  Maggie (D:7)
  11 cane toads
  A cane toad (shapeshifter) (D:13)
  7 komodo dragons
  A kobold demonologist (D:10)
  An efreet (D:14)
  12 rime drakes
  3 tengu conjurers (D:15)
  A meliai (shapeshifter) (Snake:4)
  A polar bear (shapeshifter) (D:14)
  3 meliai (D:15)
  4 polar bears
  A queen bee (Lair:1)
  5 tyrant leeches
  3 trolls
  A dream sheep (shapeshifter) (D:15)
  20 hornets
  10 blink frogs
  12 spriggans
  2 shadows
  5 wyverns
  3 water elementals (D:13)
  5 wraiths
  2 basilisks
  12 vampire mosquitoes
  53 yaks
  2 hogs (Snake:4)
  Menkaure (D:4)
  7 steam dragons (Lair:5)
  6 swamp worms
  11 wargs
  54 nagas
  Edmund (D:4)
  2 acid dragons (D:11)
  Duvessa (D:4)
  6 water moccasins
  2 ice beasts (D:6)
  3 black bears
  47 orc warriors
  9 ogres
  A black bear (shapeshifter) (D:14)
  22 wolves (Lair:3)
  10 centaurs
  2 phantoms
  4 kobold brigands
  Blork the orc (D:4)
  9 bullfrogs
  6 scorpions
  5 wights (D:7)
  Dowan (D:4)
  28 killer bees
  7 electric eels
  5 howler monkeys
  3 jellies
  11 orc priests
  2 hounds (D:5)
  6 iguanas
  18 orc wizards
  Natasha (D:3)
  A mummy (D:6)
  5 adders
  7 gnolls
  2 shadow imps
  An ufetubus (D:6)
  3 worms
  3 dart slugs
  107 orcs
  7 ball pythons
  4 bat zombies (D:10)
  5 endoplasms
  4 giant cockroaches
  4 goblins
  6 hobgoblins
  11 jackals
  2 quokkas
  5 bats
  6 frilled lizards
  3 goblin zombies (D:7)
  2 hobgoblin zombies (D:7)
  17 kobolds
  2 kobold skeletons (D:7)
  2 orc skeletons (D:7)
  An orc zombie (D:7)
  8 rats
  2 rat zombies (D:10)
971 creatures vanquished.

Vanquished Creatures (collateral kills)
  An anaconda (Snake:2)
  A naga ritualist (Snake:2)
  A black mamba (Snake:2)
3 creatures vanquished.

Vanquished Creatures (others)
  A cane toad (Lair:6)
  A bloated husk (Swamp:2)
  A hornet (Swamp:2)
  2 humans (Snake:4)
  A steam dragon (Lair:5)
  A swamp worm (Swamp:2)
  13 foxfires
  32 fungi
  75 plants
127 creatures vanquished.

Grand Total: 1101 creatures vanquished

Notes
Turn   | Place    | Note
-------+----------+-------------------------------------------
     0 | D:1      | stormannn the Gargoyle Fighter began the quest for the Orb.
     0 | D:1      | Reached XP level 1. HP: 14/14 MP: 1/1
   203 | D:1      | Reached XP level 2. HP: 19/19 MP: 2/2
   317 | D:1      | Reached XP level 3. HP: 20/23 MP: 3/3
  1102 | D:2      | Found a stormy altar of Qazlal.
  1276 | D:2      | Became a worshipper of Qazlal Stormbringer
  1505 | D:3      | Reached XP level 4. HP: 27/29 MP: 4/4
  1721 | D:3      | Noticed a phantom
  1741 | D:3      | Killed a phantom
  1742 | D:3      | Reached skill level 4 in Armour
  1742 | D:3      | Reached XP level 5. HP: 27/33 MP: 3/5
  1835 | D:3      | Noticed Natasha
  1839 | D:3      | Killed Natasha
  1879 | D:3      | Found Meer's Assorted Antiques.
  2310 | D:3      | Found a glowing silver altar of Zin.
  2599 | D:4      | Reached XP level 6. HP: 36/38 MP: 4/6
  2693 | D:4      | Noticed Menkaure
  2700 | D:4      | Killed Menkaure
  2733 | D:4      | Noticed Duvessa
  2734 | D:4      | Noticed Dowan
  2743 | D:4      | Reached * piety under Qazlal
  2744 | D:4      | Killed Duvessa
  2745 | D:4      | Reached XP level 7. HP: 28/44 MP: 3/7
  2746 | D:4      | Reached skill level 5 in Armour
  2746 | D:4      | Reached skill level 5 in Shields
  2755 | D:4      | Killed Dowan
  2756 | D:4      | Reached skill level 5 in Fighting
  2767 | D:4      | Noticed Edmund
  2775 | D:4      | HP: 2/44 [Edmund/+1 flail of protection (5)]
  2787 | D:4      | Killed Edmund
  2788 | D:4      | Reached skill level 5 in Axes
  2969 | D:4      | Noticed Blork the orc
  2978 | D:4      | Killed Blork the orc
  3116 | D:4      | Reached XP level 8. HP: 38/49 MP: 5/8
  3187 | D:4      | You fall into a shaft and drop 1 floor!
  3187 | D:5      | Entered Level 5 of the Dungeon
  3209 | D:5      | Found a stormy altar of Qazlal.
  3467 | D:4      | Identified the +1 spear "Zuape" {drain, *Noise Fly Dex+6}
  3818 | D:5      | Found a sparkling altar of Nemelex Xobeh.
  4354 | D:6      | Reached skill level 6 in Armour
  4355 | D:6      | Found a staircase to the Ecumenical Temple.
  4593 | D:6      | Reached XP level 9. HP: 55/55 MP: 9/9
  4604 | D:6      | Found a snail-covered altar of Cheibriados.
  4682 | D:6      | Found an opulent altar of Gozag.
  4985 | D:7      | Reached ** piety under Qazlal
  4992 | D:7      | Noticed Maggie
  5019 | D:7      | Killed Maggie
  5165 | D:7      | Reached skill level 7 in Armour
  5242 | D:7      | Found a basalt altar of Yredelemnul.
  5243 | D:7      | Found a sacrificial altar of Ru.
  5245 | D:7      | Found a white marble altar of Elyvilon.
  5370 | D:7      | Identified a scroll of acquirement
  5370 | D:7      | Acquired a manual of Invocations
  5448 | D:7      | Reached skill level 1 in Invocations
  5467 | D:7      | Found a glowing golden altar of the Shining One.
  5836 | D:8      | Found Zucikle's Weapon Emporium.
  5854 | D:8      | Found a transporter.
  5859 | D:8      | Found a transporter.
  5911 | D:8      | Found a transporter.
  5911 | D:8      | Found a transporter.
  5922 | D:8      | Found a staircase to the Lair.
  5939 | D:8      | Reached XP level 10. HP: 53/63 MP: 10/12
  5939 | D:8      | Reached *** piety under Qazlal
  6105 | D:8      | Noticed Joseph
  6132 | D:8      | Killed Joseph
  6491 | D:8      | Found a flagged portal.
  6500 | Bailey   | Entered a bailey
  6899 | Bailey   | Reached skill level 8 in Armour
  6917 | Bailey   | Reached skill level 5 in Invocations
  7334 | Bailey   | Identified the +9 hand crossbow "Vynastrorch" {speed, rCorr
                  | Str+4 Stlth+}
  7533 | D:8      | Found a transporter.
  7552 | D:8      | Found a transporter.
  7637 | D:8      | Found Qirosody's Antique Armour Boutique.
  7885 | D:9      | Reached **** piety under Qazlal
  8020 | D:9      | Noticed Amaemon
  8021 | D:9      | Noticed an orange demon
  8038 | D:9      | Killed an orange demon
  8039 | D:9      | Reached XP level 11. HP: 18/69 MP: 15/15
  8044 | D:9      | Killed Amaemon
  8440 | D:9      | Reached skill level 1 in Maces & Flails
  8945 | D:9      | Found an ornate altar of the Wu Jian Council.
  8987 | D:10     | Entered Level 10 of the Dungeon
  8987 | D:10     | Noticed a two-headed ogre
  8995 | D:10     | Killed a two-headed ogre
  9250 | D:10     | Reached skill level 9 in Armour
  9277 | D:10     | Found an ancient bone altar of Kikubaaqudgha.
  9539 | D:10     | Noticed Gastronok
  9564 | D:10     | Killed Gastronok
 10078 | Lair:1   | Entered Level 1 of the Lair of Beasts
 10342 | Lair:1   | Reached XP level 12. HP: 37/76 MP: 18/18
 10349 | Lair:1   | Reached skill level 5 in Maces & Flails
 10787 | Lair:1   | You fall into a shaft and drop 1 floor!
 10804 | Lair:2   | Noticed a catoblepas
 10816 | Lair:2   | Killed a catoblepas
 10861 | Lair:1   | Reached ***** piety under Qazlal
 10867 | Lair:1   | Reached skill level 10 in Fighting
 10878 | Lair:1   | Reached skill level 10 in Shields
 11218 | Lair:1   | Reached skill level 10 in Armour
 11500 | Lair:1   | Reached skill level 10 in Invocations
 11954 | Lair:1   | Acquired 915 gold pieces
 12037 | D:8      | Bought the +7 mace of Variability {chain chaos} for 840
                  | gold pieces
 12037 | D:8      | Found the +7 mace of Variability {chain chaos}
 13013 | Lair:3   | Noticed Snorg
 13019 | Lair:3   | Killed Snorg
 13026 | Lair:3   | Reached XP level 13. HP: 63/82 MP: 20/20
 13042 | Lair:3   | Reached skill level 11 in Armour
 13458 | Lair:3   | Found a staircase to the Snake Pit.
 13532 | Lair:3   | Reached skill level 10 in Maces & Flails
 13767 | Lair:3   | Found a staircase to the Swamp.
 13969 | Lair:3   | Reached ****** piety under Qazlal
 14620 | Lair:4   | Reached skill level 12 in Armour
 14729 | Lair:4   | Found a runed translucent door.
 14729 | Lair:4   | Noticed Daelid's ghost (journeyman MfGl)
 15731 | Lair:5   | Noticed a fire dragon
 15747 | Lair:5   | Gained mutation: Your large and strong wings let you fly.
                  | [Gargoyle growth]
 15747 | Lair:5   | Reached XP level 14. HP: 41/88 MP: 12/21
 15977 | Lair:5   | Reached skill level 13 in Armour
 16457 | Lair:6   | Entered Level 6 of the Lair of Beasts
 16509 | Lair:5   | Found a viscous altar of Jiyva.
 16509 | Lair:5   | Found a staircase to the Slime Pits.
 17030 | D:11     | Noticed Josephine
 17038 | D:11     | Killed Josephine
 17193 | D:11     | Noticed Sonja
 17198 | D:11     | Killed Sonja
 17649 | D:11     | Noticed Fannar
 17659 | D:11     | Killed Fannar
 17688 | D:11     | Found a hazy altar of Hepliaklqana.
 17867 | D:12     | Noticed Jorgrun
 17882 | D:12     | Killed Jorgrun
 17960 | D:12     | Noticed Lodul
 17969 | D:12     | Killed Lodul
 17990 | D:12     | Reached skill level 14 in Armour
 18545 | D:12     | Reached XP level 15. HP: 78/93 MP: 22/22
 18720 | D:12     | Found a staircase to the Orcish Mines.
 18736 | D:12     | Noticed Frances
 18753 | D:12     | Killed Frances
 19238 | D:13     | Noticed Urug
 19252 | D:13     | Killed Urug
 19261 | D:13     | Identified the +1 scale mail of Hairiness {Drain rPois rC+
                  | Str+5}
 19338 | D:13     | Identified the +9 trident of Xamaly {flame, rElec rF- Str+4
                  | Int+8}
 20021 | D:14     | Found a gate to the Vaults.
 20024 | D:14     | Reached skill level 15 in Maces & Flails
 20066 | D:14     | Found a runed translucent door.
 20068 | D:14     | Noticed Gitueniwk's ghost (journeyman DjCj)
 20252 | D:14     | Found a broken altar of Ashenzari.
 20534 | D:14     | Killed Gitueniwk's ghost
 20615 | D:15     | Entered Level 15 of the Dungeon
 21380 | D:15     | Found a staircase to the Depths.
 21569 | D:15     | Found Nesotwyu's Jewellery Boutique.
 21989 | Snake:1  | Entered Level 1 of the Snake Pit
 22177 | Snake:1  | Reached skill level 15 in Armour
 22338 | Snake:1  | Reached XP level 16. HP: 101/101 MP: 23/23
 22786 | Snake:1  | Identified the +0 robe "Gipaw" {Int+3}
 23672 | Snake:2  | Reached skill level 1 in Evocations
 24083 | Snake:2  | Noticed a nagaraja
 24092 | Snake:2  | Killed a nagaraja
 24354 | Snake:2  | Noticed Asterion
 24369 | Snake:2  | Killed Asterion
 24396 | Snake:2  | Noticed Vashnia
 24427 | Snake:2  | Killed Vashnia
 25650 | Snake:3  | Reached skill level 5 in Evocations
 25661 | Snake:3  | Noticed Mlioglotl
 25678 | Snake:3  | Killed Mlioglotl
 26250 | Snake:3  | Reached XP level 17. HP: 79/109 MP: 24/24
 26647 | Snake:3  | Reached skill level 16 in Armour
 27517 | Snake:4  | Entered Level 4 of the Snake Pit
 27610 | Snake:4  | Noticed Kirke
 27624 | Snake:4  | Killed Kirke
 29372 | Snake:4  | Got a serpentine rune of Zot
 29715 | Orc:1    | Entered Level 1 of the Orcish Mines
 30253 | Orc:2    | Entered Level 2 of the Orcish Mines
 30762 | Orc:2    | Reached XP level 18. HP: 117/117 MP: 25/25
 31170 | Orc:2    | Found a staircase to the Elven Halls.
 31318 | Orc:2    | Found a bloodstained altar of Trog.
 31433 | Orc:2    | Found Zifeotic's Jewellery Shop.
 31433 | Orc:2    | Found Ciupoor's Weapon Emporium.
 31566 | Orc:2    | Found Qazarphaw's Jewellery Emporium.
 31566 | Orc:2    | Found Niudgh's Book Shop.
 32166 | Swamp:1  | Entered Level 1 of the Swamp
 32581 | Swamp:1  | Reached skill level 17 in Armour
 33164 | Swamp:2  | Reached skill level 10 in Evocations
 33482 | Swamp:2  | Identified the +9 hand axe of Spores {vorpal, rPois MP+9
                  | Int-3 Dex+4}
 33657 | Swamp:2  | Reached skill level 15 in Fighting
 33668 | Swamp:2  | Slain by a seven-headed hydra

Illustrated notes

Levels and vault maps discovered:
D:1:      ncdulo_halloftheorcs, layout_rooms
D:2:      layout_basic, serial_glass, glass_columns_a, glass_columns_b,
          basic_altar
D:3:      layout_loops_ring, zin_scriptorium, serial_shops,
          nicolae_shop_competitors_out_of_business, uniq_natasha
D:4:      layout_rooms, kennysheep_doodads, minmay_misc_feat_square,
          feat_on_display, uniq_blork_the_orc, uniq_edmund, uniq_menkaure,
          uniq_duvessa
D:5:      layout_loops_ring, mainiacjoe_overflow_concentric_impassable,
          mainiacjoe_overflow_brackets, st_stairs_8
D:6:      layout_rooms, slow_altar_1, mainiacjoe_overflow_24_doors,
          minmay_temple_entry_wispy, dreamdust_princess_corridor, st_stairs_4
D:7:      layout_loops_ring, nicolae_tso_besieged_by_evil,
          chequers_temple_overflow_statue_of_worship, serial_bayou_pond_e,
          uniq_maggie
D:8:      hellmonk_crumbling_castle, layout_loops_ring,
          erik_lair_orcish_takeover, enter_bailey_2, serial_shops,
          nicolae_stop_n_shop_1, nicolae_take_the_stairs, serial_nicolae_subway,
          nicolae_sub_station_crystal, nicolae_sub_station_stone,
          nicolae_sub_station_metal, uniq_joseph
D:9:      layout_cave_pods, nicolae_wu_jian_immortal_techniques, uniq_amaemon
D:10:     layout_roguey, lemuel_zombie_altar_kikubaaqudgha,
          nicolae_water_bricks, hangedman_abyss_or_decor_slice, uniq_gastronok
D:11:     layout_irregular_city, nzn_hepliaklqana_mist_gate, uniq_sonja,
          uniq_fannar, uniq_josephine
D:12:     layout_small_grid, orc_0_dummy, dreamdust_wasp_nest, uniq_lodul,
          uniq_frances, uniq_jorgrun
D:13:     layout_basic, uniq_urug
D:14:     layout_gridville, david_vaults_2, nicolae_ashenzari_panopticon,
          ebering_ghost_inner_flame
D:15:     hangedman_depths_entry_civil_slaughter, layout_rooms, serial_shops,
          shop, kennysheep_flooded_box
Lair:1:   layout_hall_layers, special_room [special_room_bee],
          chequers_serial_rivers_micro_b
Lair:2:   layout_roguey
Lair:3:   layout_regular_city, palyth_hydra_swamp_entry, dummy_snake_entry,
          hangedman_lair_generics_rect, uniq_snorg
Lair:4:   layout_layer_cave, hellmonk_ghost_happy_afterlife,
          infiniplex_staircase_pool_2, lemuel_fruit_tree, grunt_megastairs_3
Lair:5:   layout_roguey, slime_altar_1, bobbens_dragon_lair_wall
Lair:6:   minmay_lair_end_frog_pond, layout_regular_city, serial_rivers,
          chequers_serial_rivers_room_a, chequers_serial_rivers_large_a,
          chequers_serial_rivers_small_3, chequers_serial_rivers_micro_c,
          chequers_serial_rivers_small_3, chequers_serial_rivers_micro_e,
          nicolae_lair_liquid_snakes
Swamp:1:  layout_falls_marsh, evilmike_swamp_ruin_house_5
Swamp:2:  layout_basic_swamp, evilmike_swamp_ruin_house_3,
          hangedman_swamp_double_dragon
Snake:1:  layout_layer_cave, grunt_ministairs_13
Snake:2:  layout_concentric_octagons, serial_bayou_shore_b, uniq_asterion,
          uniq_vashnia
Snake:3:  layout_cave_pods, nicolae_snake_guarding_the_ruins, uniq_mlioglotl
Snake:4:  minmay_snake_end_coiled, layout_misc_corridors, uniq_kirke
Orc:1:    layout_caves, library_closet, lightli_orcish_oven
Orc:2:    st_orc_town, layout_caves, basic_altar, david_defended_altar_orc

Skill      XL: |  1  2  3  4  5  6  7  8  9 10 11 12 13 14 15 16 17 18 |
---------------+-------------------------------------------------------+-----
Axes           | 2 3 4 5 6 8 9 |  9.6
Fighting       | 4 5 6 7 8 9 10 12 13 14 15 | 15.0
Armour         | 4 5 6 7 8 9 10 12 14 15 16 17 | 17.2
Shields        | 4 5 6 7 8 9 10 12 13 14 | 14.9
Invocations    | 3 6 8 10 | 10.2
Maces & Flails | 4 8 12 14 16 | 16.2
Evocations     | 6 9 10 | 10.5

Action                   |  1- 3 |  4- 6 |  7- 9 | 10-12 | 13-15 | 16-18 || total
-------------------------+-------+-------+-------+-------+-------+-------++-------
Melee: War axe           |    84 |    81 |   266 |   223 |       |       ||   654
       Demon whip        |       |       |       |   374 |   457 |  1331 ||  2162
       Great mace        |       |       |       |    44 |   291 |       ||   335
Invok: Disaster Area     |       |       |       |       |     3 |       ||     3
       Upheaval          |       |       |       |       |     1 |       ||     1
Evoke: Wand              |       |       |       |       |     7 |     5 ||    12
  Use: Scroll            |     8 |     6 |     6 |     4 |    18 |     6 ||    48
       Potion            |       |     1 |     3 |     6 |     5 |     2 ||    17
 Stab: Petrified         |       |       |       |     1 |       |       ||     1
       Confused          |       |       |       |       |     5 |     9 ||    14
       Petrifying        |       |       |       |       |     1 |       ||     1
       Paralysed         |       |       |       |       |       |     2 ||     2
Armor: Scale mail        |    56 |    47 |   118 |       |    85 |   294 ||   600
       Swamp dragon scal |       |       |    32 |   217 |   234 |       ||   483
Dodge: Dodged            |    47 |    41 |   110 |   185 |   191 |   200 ||   774
       Repelled          |       |       |       |       |     5 |    25 ||    30
Block: Buckler           |    15 |    14 |    97 |   429 |   333 |   797 ||  1685
       Reflection        |       |       |       |     2 |    21 |    94 ||   117
       Other             |       |       |       |    24 |   226 |       ||   250

Table legend: (Time is in decaauts)
 A = Elapsed time spent in this place.
 B = Non-inter-level travel time spent in this place.
 C = Inter-level travel time spent in this place.
 D = Time resting spent in this place.
 E = Time spent auto-exploring this place.
 F = Levels seen in this place.
 G = Mean time per level.
                   A        B        C        D        E       F      G
               +--------+--------+--------+--------+--------+-----+--------+
         Total |  32919 |  30629 |   2290 |   4783 |  19909 |  30 | 1097.3 |
       Dungeon |  14499 |  13186 |   1313 |   1244 |   9413 |  15 |  966.6 |
          Lair |   7505 |   6895 |    610 |   1355 |   4517 |   6 | 1250.8 |
         Swamp |   1025 |    997 |     28 |     57 |    564 |   2 |  512.5 |
     Snake Pit |   6881 |   6666 |    215 |   1499 |   4028 |   4 | 1720.2 |
  Orcish Mines |   2087 |   1965 |    122 |    440 |   1100 |   2 | 1043.5 |
        Bailey |    919 |    919 |      0 |    188 |    286 |   1 |  919.0 |
               +--------+--------+--------+--------+--------+-----+--------+

Top non-repeatable levels by time:
  Lair:3: 2101 daAuts
  Lair:1: 2010 daAuts
 Snake:1: 1870 daAuts
 Snake:2: 1819 daAuts
  Lair:4: 1791 daAuts
 Snake:3: 1682 daAuts
 Snake:4: 1509 daAuts
     D:8: 1397 daAuts
    D:11: 1304 daAuts
    D:10: 1273 daAuts
     D:9: 1137 daAuts
     D:3: 1117 daAuts
   Orc:2: 1068 daAuts
     D:4: 1023 daAuts
   Orc:1: 1018 daAuts
